 Dungeon Crawl Stone Soup version 0.30.1-3-gfc49f6343a (webtiles) character file.

Game seed: 3414641506223508885

1593 Zeor the Cudgeller (level 8, 0/49 HPs)
             Began as a Gargoyle Monk on July 28, 2023.
             Was an Elder of Zin.
             Slain by an orc warrior
             ... wielding a +0 broad axe
              (12 damage)
             ... on level 6 of the Dungeon.
             The game lasted 00:19:56 (4429 turns).

Zeor the Cudgeller (Gargoyle Monk)                  Turns: 4429, Time: 00:19:57

Health: 0/49       AC: 17    Str: 24    XL:     8   Next: 93%
Magic:  11/11      EV: 10    Int: 11    God:    Zin [****..]
Gold:   243        SH:  0    Dex: 12    Spells: 7/7 levels left

rFire   + . .        a - +1 whip (venom)
rCold   . . .        d - orb {light}
rNeg    + + .        C - +1 chain mail
rPois   ∞            h - +1 helmet of Ylockaidd {rN+ Str+7}
rElec   +            l - scarf {repulsion}
rCorr   .            (no gloves)
SInv    .            e - +2 pair of boots
Will    +....        (no amulet) Stlth
                     n - ring of protection from fire
HPRegen 0.28/turn    x - ring of willpower
MPRegen 0.12/turn

%: repel missiles
@: about to teleport, corroded, glowing
A: sickness immunity, AC +5, negative energy resistance 1, electricity
resistance, torment resistance 1, petrification resistance
a: Renounce Religion, Recite, Vitalisation, Imprison, Donate Gold


You were on level 6 of the Dungeon.
You worshipped Zin.
Zin was greatly pleased with you.
You visited 2 branches of the dungeon, and saw 7 of its levels.

You collected 269 gold pieces.
You donated 26 gold pieces to Zin.

Inventory:

Hand Weapons
 a - a +1 whip of venom (weapon)
 b - a +2 sling of electrocution
 k - a +0 mace
Missiles
 p - 13 poisoned darts (quivered)
 B - a throwing net
Armour
 d - an orb of light (worn)
 e - a +2 pair of boots (worn)
 h - the +1 helmet of Ylockaidd (worn) {rN+ Str+7}
   (You acquired it on level 1 of the Dungeon)

   Str:       It affects your strength (+7).
   rN:        It protects you from negative energy.
 l - a scarf of repulsion (worn)
 s - a +2 robe of positive energy
 C - a +1 chain mail (worn)
Jewellery
 i - a ring of flight
 n - a ring of protection from fire (left hand)
 r - a ring of wizardry
 x - a ring of willpower (right hand)
Wands
 g - a wand of roots (9)
 y - a wand of mindburst (8)
Scrolls
 o - a scroll of teleportation
 w - 2 scrolls of enchant weapon
 A - a scroll of enchant armour
Potions
 c - a potion of ambrosia
 f - 3 potions of curing
 j - 2 potions of brilliance
 m - a potion of heal wounds
 q - a potion of attraction {unknown}
 t - a potion of resistance {unknown}
 v - 2 potions of haste
 z - 2 potions of might


   Skills:
 + Level 5.2 Fighting
 + Level 7.5 Maces & Flails
 + Level 2.4 Ranged Weapons
 + Level 0.1 Throwing
 + Level 4.1 Armour
 + Level 3.7 Dodging
 + Level 0.6 Stealth
 * Level 4.8 Invocations


You had 7 spell levels left.
You didn't know any spells.
Your spell library contained the following spells:

 Spells                   Type           Power      Damage    Failure   Level
 Blink                    Tloc           0%         N/A       96%         2
 Lesser Beckoning         Tloc           0%         N/A       96%         2
 Momentum Strike          Conj/Tloc      0%         3d8       96%         2


Dungeon Overview and Level Annotations

Branches:
Dungeon (6/15)             Temple (1/1) D:4

Altars:
Dithmenos
Elyvilon
Fedhas
Gozag
Hepliaklqana
Kikubaaqudgha
Nemelex Xobeh
Qazlal
Ru
Sif Muna
Trog
Uskayaw
Vehumet
Wu Jian
Xom
Yredelemnul
Zin
The Shining One

Shops:
D:3 :   D:5 *

Annotations:
D:3 1 runed translucent door, Crazy Yiuf
D:4 1 transporter, bftschaos's ghost, novice OgBe


Innate Abilities, Weirdness & Mutations

You are immune to sickness and miasma.
Your stone body is resilient. (AC +5)
You are immune to poison.
You resist negative energy. (rN+)
You are resistant to electric shocks. (rElec)
You are resistant to unholy torment.
You are immune to petrification.


Message History

You finish reciting Anathema 11:75.
The orc warrior closely misses you.
The orc warrior hits you with a +0 broad axe!
The orc priest closely misses you.
The sleepcap releases spores at you but does no damage.
The orc warrior closely misses you.
An adder comes into view.
The adder hisses angrily.
You hit the orc priest.
The orc priest is poisoned.
The orc priest is moderately wounded.
The sleepcap releases spores at you but does no damage.
The orc warrior hits you but does no damage.
The orc priest closely misses you.
You hit the sleepcap.
The sleepcap is moderately damaged.
The sleepcap closely misses you. The jelly hits you but does no damage.
The orc warrior hits you but does no damage.
You whack the jelly!
Your hands burn!
The jelly is moderately wounded.
You hit the jelly. The acid corrodes you!
Your hands burn!
The jelly is severely wounded.
The sleepcap barely misses you. The jelly closely misses you.
The orc warrior hits you with a +0 broad axe!
The orc priest hits you but does no damage.
As you read the scroll of teleportation, it crumbles to dust.
You feel strangely unstable.
The orc priest hits you with a +0 short sword of flaming.
The jelly hits you but does no damage. The sleepcap barely misses you.
The orc warrior hits you with a +0 broad axe!
You are ready to recite again.
The jelly hits you but does no damage.
The orc warrior hits you with a +0 broad axe.
* * * LOW HITPOINT WARNING * * *
You kill the orc priest!
The jelly jiggles.
The adder bites you but does no damage.
You see here 8 stones.
The orc warrior attacks as you move away!
The orc warrior hits you with a +0 broad axe!
You die...

∙∙▒∙▒∙∙▒▒▒∙▒ ∙∙∙∙∙▒
∙∙▒∙z∙∙∙∙∙∙∙∙∙∙∙∙∙∙∙∙∙∙∙∙
▒∙▒∙▒▒▒▒▒∙∙∙∙∙∙∙∙∙∙∙∙∙∙▒▒▒
∙∙∙∙▒▒▒▒▒∙∙∙∙∙∙∙∙∙∙∙?∙∙∙∙∙
▒∙▒▒▒∙∙∙▒∙∙∙∙∙∙∙∙∙∙∙∙∙∙∙▒
∙∙▒ ▒∙▒∙▒∙∙∙∙∙∙∙∙∙∙∙∙∙∙∙▒
▒▒▒▒▒∙▒∙▒∙∙∙∙∙∙∙∙∙∙∙∙∙∙∙▒▒
∙∙∙∙∙∙▒∙▒∙∙∙∙∙∙∙∙J∙∙∙∙∙∙∙∙
∙∙▒▒▒▒▒∙▒∙∙∙∙∙∙∙9Sf)∙∙∙∙∙∙
▒∙▒∙∙∙∙∙▒∙∙∙∙∙∙∙ooo∙∙∙∙∙∙∙
▒z▒∙▒▒▒▒▒∙∙∙∙▒▒▒▒▒∙∙∙∙∙∙∙▒
▒∙∙∙∙▒▒▒▒▒▒▒∙▒▒▒▒▒∙∙∙∙∙∙∙▒
▒∙∙∙∙∙∙∙∙∙∙∙∙∙∙∙▒▒∙∙∙∙∙∙∙▒
▒∙∙∙∙∙∙∙∙∙∙∙∙∙∙∙▒▒∙∙∙∙∙∙∙▒
▒∙∙∙∙∙∙∙∙∙∙∙∙∙∙∙▒▒∙∙∙∙∙∙∙▒
▒∙∙∙∙∙∙∙∙∙∙∙∙∙∙∙▒▒▒∙∙∙∙∙∙▒
▒∙▒▒▒∙∙∙∙∙∙∙∙∙∙∙▒ ∙∙∙∙∙∙▒


You could see an orc warrior (very poisoned, corona), a sleepcap, a jelly, an
orc wizard (magic disrupted), an adder and an orc (mute).

Vanquished Creatures
  Grinder (D:5)
  2 ice beasts
  2 ogres
  A phantom (D:5)
  2 bullfrogs (D:6)
  6 wights
  A jelly (D:6)
  3 hounds
  An orc priest (D:6)
  Jessica (D:2)
  3 iguanas (D:5)
  3 orc wizards
  8 gnolls (D:4)
  4 adders
  A white imp (D:5)
  2 ufetubi (D:5)
  2 dart slugs
  14 orcs
  4 endoplasms
  2 giant cockroaches
  9 goblins
  4 jackals (D:4)
  6 kobolds
  2 quokkas (D:3)
  8 ball pythons
  3 bats (D:1)
  2 frilled lizards
  6 rats
103 creatures vanquished.

Notes
Turn   | Place    | Note
-------+----------+-------------------------------------------
     0 | D:1      | Zeor the Gargoyle Monk began the quest for the Orb.
     0 | D:1      | Reached XP level 1. HP: 14/14 MP: 1/1
   147 | D:1      | Identified a scroll of acquirement
   147 | D:1      | Acquired the +1 helmet of Ylockaidd {rN+ Str+7}
   251 | D:1      | Reached XP level 2. HP: 19/19 MP: 2/2
   761 | D:2      | Reached XP level 3. HP: 24/24 MP: 3/3
   878 | D:2      | Found a faded altar of an unknown god.
   888 | D:2      | Noticed Jessica
   894 | D:2      | Killed Jessica
  1243 | D:3      | Found an opulent altar of Gozag.
  1258 | D:3      | Reached XP level 4. HP: 29/29 MP: 4/4
  1385 | D:3      | Found a blossoming altar of Fedhas.
  1790 | D:3      | Found a runed translucent door.
  1791 | D:3      | Noticed Crazy Yiuf
  1841 | D:3      | Found Isof Kir's Book Emporium.
  2059 | D:4      | Noticed an ogre
  2078 | D:4      | Killed an ogre
  2079 | D:4      | Reached skill level 4 in Maces & Flails
  2079 | D:4      | Reached skill level 1 in Armour
  2079 | D:4      | Reached XP level 5. HP: 9/33 MP: 5/5
  2218 | D:4      | Found a bloodstained altar of Trog.
  2241 | D:4      | Found an ancient bone altar of Kikubaaqudgha.
  2303 | D:4      | Found a staircase to the Ecumenical Temple.
  2310 | Temple   | Entered the Ecumenical Temple
  2355 | Temple   | Became a worshipper of Zin the Law-Giver
  2355 | Temple   | Reached * piety under Zin
  2355 | Temple   | Reached ** piety under Zin
  2649 | D:4      | Reached skill level 1 in Ranged Weapons
  2649 | D:4      | Reached XP level 6. HP: 36/39 MP: 6/6
  2791 | D:4      | Reached *** piety under Zin
  2956 | D:4      | Reached skill level 1 in Invocations
  3037 | D:4      | Noticed bftschaos's ghost (novice OgBe)
  3038 | D:4      | Found a transporter.
  3041 | D:4      | Identified the +7 dire flail of Fate {protect, Str+5}
  3068 | D:5      | Entered Level 5 of the Dungeon
  3117 | D:5      | Reached skill level 5 in Maces & Flails
  3117 | D:5      | Reached XP level 7. HP: 39/44 MP: 6/8
  3263 | D:5      | Found Sofatiy's Neck Hole.
  3435 | D:5      | Noticed Grinder
  3466 | D:5      | Reached skill level 6 in Maces & Flails
  3466 | D:5      | Reached XP level 8. HP: 21/48 MP: 8/10
  3488 | D:5      | Killed Grinder
  3489 | D:5      | Reached skill level 5 in Fighting
  3822 | D:5      | Found a hide-covered altar of Uskayaw.
  3987 | D:6      | Found a hazy altar of Hepliaklqana.
  4082 | D:6      | Reached **** piety under Zin
  4263 | D:6      | Reached skill level 7 in Maces & Flails
  4429 | D:6      | Slain by an orc warrior

Illustrated notes

Levels and vault maps discovered:
D:1:      ncdulo_smallfort, layout_basic, minmay_tromino_v4_a
D:2:      layout_rooms, dreamdust_ecumenical_altar_grove, serial_park_tiny_pond,
          kennysheep_small_spiral, uniq_jessica
D:3:      layout_basic, fedhas_altar_4, lemuel_tele_altar, serial_shops, shop,
          uniq_crazy_yiuf_cottage
D:4:      layout_rooms, mainiacjoe_overflow_concentric_impassable,
          mainiacjoe_overflow_tiny_flanked, minmay_temple_entry_enclosed_plants,
          gammafunk_ghost_smash, due_unseen_surprise
D:5:      layout_gridville, nicolae_uskayaw_suspiria,
          nicolae_shop_sticking_my_neck_out, uniq_grinder
D:6:      layout_basic, nicolae_overflow_crystal_walls, corexii_hall_statues_i
Temple:   minmay_temple_bridge_abc

Skill      XL: |  1  2  3  4  5  6  7  8 |
---------------+-------------------------+-----
Dodging        | 3 |  3.7
Fighting       | 4 5 |  5.2
Maces & Flails | 4 5 6 7 |  7.5
Armour         | 1 2 3 4 |  4.1
Ranged Weapons | 1 2 |  2.4
Invocations    | 1 2 4 |  4.8
Throwing       | |  0.1
Stealth        | |  0.6

Action                     |  1- 3 |  4- 6 |  7- 9 || total
---------------------------+-------+-------+-------++-------
  Melee: Mace              |    15 |       |       ||    15
         Whip              |    38 |   113 |   157 ||   308
   Fire: Sling             |     5 |    19 |       ||    24
  Throw: Dart              |       |     3 |       ||     3
 Invoke: Recite            |       |     2 |     6 ||     8
         Vitalisation      |       |       |     1 ||     1
    Use: Scroll            |     8 |     6 |     7 ||    21
         Potion            |       |       |     1 ||     1
   Stab: Invisible         |       |       |     1 ||     1
 Armour: Scale mail        |    20 |    31 |       ||    51
         Chain mail        |       |     2 |    69 ||    71
  Dodge: Dodged            |    27 |    52 |    66 ||   145
         Repelled          |     1 |     1 |     1 ||     3
